 Dungeon Crawl Stone Soup version 0.26.1-2-gb8aa6d0cf2 (webtiles) character file.

Game seed: 8609847445558388860

1290 Groucho the Covert (level 8, 0/33 (36) HPs)
             Began as a Spriggan Enchanter on Feb 24, 2021.
             Slain by a wight
             ... wielding a cursed +3 scimitar
              (4 damage)
             ... on level 6 of the Dungeon.
             The game lasted 00:16:13 (13002 turns).

Groucho the Covert (Spriggan Enchanter)            Turns: 13002, Time: 00:16:15

HP:   0/33 (36)     AC:  2    Str:  5    XL:     8   Next: 30%
MP:   15/18         EV: 18    Int: 17    God:
Gold: 221           SH:  0    Dex: 17    Spells: 11/20 levels left

rFire    . . .     SeeInvis +   t - +3 short sword
rCold    . . .     Faith    .   (shield restricted)
rNeg     . . .     Spirit   .   p - +0 robe {Will+}
rPois    .         Reflect  .   v - +0 hat
rElec    .         Harm     .   (no cloak)
rCorr    .         Rampage  .   (gloves unavailable)
Will     ++...                  (boots unavailable)
Stlth    +++++.....             (no amulet)
HPRegen  0.11/turn              (no ring)
MPRegen  0.16/turn              (no ring)

@: drained, very quick
A: very small, unfitting armour, see invisible, speed 3
a: no special abilities


You were on level 6 of the Dungeon.
You visited 2 branches of the dungeon, and saw 7 of its levels.

You collected 221 gold pieces.

Inventory:

Hand Weapons
 a - a +1 dagger
 g - the +5 dagger "Birurus" {vamp, rPois Str-5 Stlth+}
   (You found it on level 4 of the Dungeon)

   It inflicts no extra harm, but heals its wielder when it wounds a living foe.
   It affects your strength (-5).
   It protects you from poison.
   It makes you more stealthy.
 t - a +3 short sword (weapon)
Armour
 p - a +0 robe of willpower (worn)
 v - a +0 hat (worn)
Jewellery
 h - an uncursed amulet of reflection {unknown}
Wands
 c - a wand of flame (9)
 j - a wand of digging (4)
Scrolls
 b - 2 scrolls of enchant armour {unknown}
 d - 8 scrolls of identify
 f - 2 scrolls of enchant weapon {unknown}
 i - a scroll of remove curse {unknown}
 k - 2 scrolls of amnesia {unknown}
 n - 3 scrolls of immolation {unknown}
 r - a scroll of fog {unknown}
 s - a scroll of random uselessness {unknown}
 u - a scroll of magic mapping {unknown}
Potions
 e - a potion of flight
 l - a potion of lignification {unknown}
 m - 3 potions of magic {unknown}
 o - a potion of curing {unknown}
 q - a potion of invisibility {unknown}


   Skills:
 - Level 1.1 Short Blades
 - Level 3.0 Dodging
 + Level 11.6 Stealth
 + Level 6.5 Spellcasting
 + Level 7.0 Hexes


You had 11 spell levels left.
You knew the following spells:

 Your Spells              Type           Power        Failure   Level
a - Corona                Hex            32%          1%          1
b - Ensorcelled Hibernat  Hex/Ice        34%          4%          2
c - Confusing Touch       Hex            29%          1%          3
d - Dazzling Flash        Conj/Hex       34%          9%          3

Your spell library contained the following spells:

 Spells                   Type           Power        Failure   Level
 Tukima's Dance           Hex            29%          1%          3


Dungeon Overview and Level Annotations

Branches:
Dungeon (6/15)             Temple (1/1) D:5

Altars:
Ashenzari
Dithmenos
Elyvilon
Gozag
Hepliaklqana
Makhleb
Nemelex Xobeh
Okawaru
Qazlal
Sif Muna
Trog
Vehumet
Yredelemnul
Zin
The Shining One

Shops:
D:5 }

Annotations:
D:4 3 runed translucent doors, Dwachs's ghost, novice MfIE
D:5 3 runed translucent doors, sipior's ghost, novice OpCj


Innate Abilities, Weirdness & Mutations

You are very small and have problems with some larger weapons.
You are too small for most types of armour.
You have supernaturally acute eyesight. (SInv)
You cover ground extremely quickly.


Message History

The wight is lightly damaged.
The wight hits you from afar with a cursed +1 spear.
The wight misses you.
You strike the helpless wight from behind!
You puncture the wight!
The wight is severely damaged.
The wight hits you from afar with a cursed +1 spear.
The wight closely misses you.
You are too injured to fight recklessly!
You are too injured to fight recklessly!
You are too injured to fight recklessly!
You are too injured to fight recklessly!
You are too injured to fight recklessly!
You hit the wight.
The wight is almost destroyed.
The wight completely misses you.
The wight hits you with a cursed +3 scimitar!
* * * LOW HITPOINT WARNING * * *
You feel drained.
You die...

###############
#######.........@zzo#
........###########z#
#######.# #..
........# ##.#
#######.# # #.# #.#
#######.###
..........#


You could see 3 wights and an orc.

Vanquished Creatures
  A water moccasin (D:5)
  Duvessa (D:4)
  An ice beast (D:5)
  2 ogres
  A phantom (D:5)
  Dowan (D:4)
  A water moccasin skeleton (D:5)
  A scorpion (D:4)
  4 wights
  A jelly (D:4)
  A hound (D:4)
  A gnoll shaman (D:3)
  An orc wizard (D:3)
  An iguana (D:5)
  A worker ant (D:4)
  A hound skeleton (D:5)
  4 gnolls
  6 adders
  A river rat (D:3)
  A shadow imp (D:5)
  A white imp (D:5)
  2 oozes
  A worm (D:3)
  3 dart slugs
  4 leopard geckos
  18 orcs
  2 ball pythons
  7 giant cockroaches
  10 goblins
  3 hobgoblins
  6 jackals
  A quokka (D:4)
  9 bats
  6 frilled lizards
  6 kobolds
  A leopard gecko skeleton (D:3)
  4 rats
116 creatures vanquished.

Notes
Turn   | Place    | Note
-------+----------+-------------------------------------------
     0 | D:1      | Groucho the Spriggan Enchanter began the quest for the Orb.
     0 | D:1      | Reached XP level 1. HP: 9/9 MP: 5/5
   133 | D:1      | Reached skill level 5 in Stealth
   198 | D:1      | Reached XP level 2. HP: 13/13 MP: 6/6
   807 | D:2      | Found a radiant altar of Vehumet.
   809 | D:2      | Found a glowing golden altar of the Shining One.
   811 | D:2      | Found a hazy altar of Hepliaklqana.
   839 | D:2      | Reached skill level 6 in Stealth
   882 | D:2      | Reached XP level 3. HP: 16/16 MP: 8/8
   885 | D:2      | Learned a level 2 spell: Ensorcelled Hibernation
   889 | D:2      | Learned a level 3 spell: Confusing Touch
  1623 | D:2      | Reached skill level 7 in Stealth
  2361 | D:2      | Found a glowing silver altar of Zin.
  3380 | D:3      | Reached skill level 8 in Stealth
  3380 | D:3      | Reached XP level 4. HP: 21/21 MP: 9/9
  5265 | D:3      | Found a bloodstained altar of Trog.
  5313 | D:3      | Reached XP level 5. HP: 23/24 MP: 10/10
  5352 | D:3      | Learned a level 3 spell: Dazzling Flash
  5489 | D:3      | Reached skill level 9 in Stealth
  6862 | D:4      | Noticed Duvessa
  7238 | D:4      | Noticed Dowan
  7801 | D:4      | Reached XP level 6. HP: 25/28 MP: 9/12
  7850 | D:4      | Killed Duvessa
  7857 | D:4      | Killed Dowan
  7858 | D:4      | Reached skill level 10 in Stealth
  7941 | D:4      | Got an ichor-stained dagger
  7949 | D:4      | Reached skill level 5 in Hexes
  7981 | D:4      | Reached XP level 7. HP: 28/32 MP: 10/14
  7993 | D:5      | Entered Level 5 of the Dungeon
  8744 | D:4      | Identified the +5 dagger "Birurus" {vamp, rPois Str-5
                  | Stlth+} (You found it on level 4 of the Dungeon)
  8769 | D:4      | Reached skill level 5 in Spellcasting
  9357 | D:4      | Found a runed translucent gate.
  9358 | D:4      | Found a runed translucent gate.
  9359 | D:4      | Found a runed translucent gate.
 11242 | D:4      | Noticed Dwachs's ghost (novice MfIE)
 11323 | D:5      | Reached skill level 11 in Stealth
 11365 | D:5      | Found a runed translucent gate.
 11366 | D:5      | Found a runed translucent gate.
 11367 | D:5      | Found a runed translucent gate.
 11924 | D:5      | Noticed sipior's ghost (novice OpCj)
 11948 | D:5      | Reached XP level 8. HP: 33/36 MP: 12/18
 12050 | D:5      | Found a sparkling altar of Nemelex Xobeh.
 12188 | D:5      | Found a staircase to the Ecumenical Temple.
 12318 | Temple   | Entered the Ecumenical Temple
 12797 | D:5      | Found Zinacerph's Gadget Boutique.
 13002 | D:6      | Slain by a wight

Illustrated notes

Levels and vault maps discovered:
D:1:      amcnicky_arrival_feature_with_door, layout_loops_ring,
          kennysheep_nondescript
D:2:      layout_basic, gammafunk_temple_overflow_forgotten, zin_academy
D:3:      layout_basic, bloody_trog, nicolae_overflow_hidden_temple,
          portal_sewer_entry_e
D:4:      layout_cave_pools, ebering_ghost_rock_garden, hex_medium, st_stairs_9,
          uniq_duvessa
D:5:      layout_cave_pools, nemelex_xobeh_ov_fountains_minmay,
          minmay_temple_entry_mini_moons, serial_shops, kennysheep_mini_moat,
          serial_park, serial_park_square3 [serial_park_minivault_5x5_5],
          gammafunk_ghost_split
D:6:      layout_loops_ring, kennysheep_mini, gammafunk_ghost_necromancy
Temple:   compressed_dpeg_triangle_lava_temple

Skill      XL: |  1  2  3  4  5  6  7  8 |
---------------+-------------------------+-----
Stealth        | 5 6 8 9 10 11 | 11.6
Spellcasting   | 3 4 6 |  6.5
Hexes          | 4 5 6 7 |  7.0
Short Blades   | |  1.1
Dodging        | |  3.0

Action                   |  1- 3 |  4- 6 |  7- 9 || total
-------------------------+-------+-------+-------++-------
Melee: Dagger            |   193 |   141 |    52 ||   386
       Short sword       |       |       |    85 ||    85
 Cast: Ensorcelled Hiber |     3 |    17 |    31 ||    51
       Confusing Touch   |       |     4 |     8 ||    12
  Use: Potion            |       |     3 |     1 ||     4
       Scroll            |       |     2 |     1 ||     3
 Stab: Sleeping          |    13 |    16 |    32 ||    61
       Confused          |       |     3 |     8 ||    11
Armor: Robe              |    36 |    17 |    11 ||    64
Dodge: Dodged            |   177 |   124 |   110 ||   411
